 Dungeon Crawl Stone Soup version 0.21-a0-417-g0adc95b (webtiles) character file.

164 slep the Shooter (level 5, -7/45 HPs)
             Began as a Minotaur Hunter on Nov 4, 2017.
             Mangled by slep's ghost (9 damage)
             ... on level 3 of the Dungeon.
             The game lasted 00:16:28 (1704 turns).

slep the Shooter (Minotaur Hunter)                  Turns: 1704, Time: 00:16:29

Health: -7/45      AC:  3    Str: 17    XL:     5   Next: 21%
Magic:  4/4        EV: 12    Int:  8    God:
Gold:   112        SH:  0    Dex: 11    Spells: 4/4 levels left

rFire    . . .     SeeInvis .   a - +0 whip (elec)
rCold    . . .     Gourm    .   (no shield)
rNeg     . . .     Faith    .   c - +0 leather armour
rPois    .         Spirit   .   (helmet restricted)
rElec    .         Reflect  .   (no cloak)
rCorr    .         Harm     .   (no gloves)
MR       .....                  (no boots)
Stlth    ++........             (no amulet)
HPRegen  0.15/turn              r - ring of stealth
MPRegen  0.09/turn              (no ring)

@: no status effects
A: retaliatory headbutt, horns 2
a: no special abilities


You were on level 3 of the Dungeon.
You were not hungry.

You visited 1 branch of the dungeon, and saw 3 of its levels.

You collected 112 gold pieces.

Inventory:

Hand Weapons
 a - a +0 whip of electrocution (weapon)
 b - a +1 shortbow
 j - a +0 short sword
 q - a +2 dagger of flaming
 v - a +0 falchion
 x - a cursed -2 dagger
Missiles
 d - 35 arrows
 e - 45 sling bullets
 n - 3 javelins of penetration (quivered)
Armour
 c - a +0 leather armour (worn)
Jewellery
 r - a ring of stealth (left hand)
Wands
 t - a wand of digging (5/24)
Scrolls
 g - a scroll of fear {unknown}
 h - a scroll of enchant armour {unknown}
 i - a scroll of teleportation {unknown}
 k - 4 scrolls of identify {unknown}
 l - a scroll of enchant weapon {unknown}
 m - 2 scrolls of magic mapping {unknown}
 u - a scroll of noise {unknown}
Potions
 p - a potion of brilliance {unknown}
 w - 2 potions of curing {unknown}
 z - a potion of lignification {unknown}
 B - a potion of heal wounds {unknown}
Comestibles
 f - a bread ration
 o - a royal jelly
 s - a meat ration
 A - 8 chunks of flesh


   Skills:
 + Level 3.4 Fighting
 + Level 0.3 Short Blades
 + Level 0.5 Maces & Flails
 + Level 6.4 Bows
 + Level 1.3 Armour
 + Level 2.3 Dodging
 + Level 0.7 Stealth


You had 4 spell levels left.
You didn't know any spells.

Dungeon Overview and Level Annotations

Branches:
Dungeon (3/15)

Altars:
Ashenzari
Elyvilon

Annotations:
D:3 slep's ghost, amateur FoHu


Innate Abilities, Weirdness & Mutations

You reflexively headbutt those who attack you in melee.
You have a pair of horns on your head.


Message History

Slep's ghost hits you. Slep's ghost hits you.
* * * LOW HITPOINT WARNING * * *
Items here: ( )) † a club; a hunting sling; 21 stones; a goblin corpse You hit the goblin.
You headbutt the goblin.
You kill the goblin!
Slep's ghost hits you!
* * * LOW HITPOINT WARNING * * *
You closely miss the orc. Slep's ghost barely misses you.
The orc closely misses you. You furiously retaliate!
You headbutt the orc. You hit the orc.
You kill the orc!
Slep's ghost hits you.
* * * LOW HITPOINT WARNING * * *
You hit slep's ghost. Lightning courses through slep's ghost!
You headbutt slep's ghost.
Slep's ghost is severely damaged.
Slep's ghost hits you!
You die...

. #.. #....
#.##..#########....
##.#.......#....####
(..................
#.#................
#(##............#..
#..#...............
#.#.#......[..).##
#@W...............
##).#.............
##.............<.
#).#.........##.
#(........... ##
#(##........ # #(#
....... #. ((# .....
.. ((. .... .


You could see slep's ghost.

Vanquished Creatures
  An orc priest (D:2)
  Robin (D:3)
  4 adders
  2 oozes
  A leopard gecko (D:2)
  8 orcs
  5 giant cockroaches
  20 goblins
  3 hobgoblins
  4 jackals (D:3)
  10 kobolds
  3 bats
  3 frilled lizards
  3 rats
68 creatures vanquished.

Notes
Turn   | Place    | Note
-------+----------+-------------------------------------------
     0 | D:1      | slep the Minotaur Hunter began the quest for the Orb.
     0 | D:1      | Reached XP level 1. HP: 18/18 MP: 0/0
   205 | D:1      | Reached XP level 2. HP: 25/25 MP: 1/1
   227 | D:1      | Found a shattered altar of Ashenzari.
   440 | D:1      | Reached skill level 5 in Bows
   987 | D:2      | Reached XP level 3. HP: 26/30 MP: 2/2
  1127 | D:2      | Reached skill level 1 in Armour
  1127 | D:2      | Reached XP level 4. HP: 30/38 MP: 3/3
  1224 | D:2      | Reached skill level 6 in Bows
  1489 | D:3      | Found a white marble altar of Elyvilon.
  1568 | D:3      | Noticed Robin
  1574 | D:3      | Killed Robin
  1574 | D:3      | Reached XP level 5. HP: 15/45 MP: 4/4
  1692 | D:3      | Noticed slep's ghost (amateur FoHu)
  1703 | D:3      | HP: 2/45 [slep's ghost (2)]
  1704 | D:3      | Mangled by slep's ghost

Vault maps used:
D:1:      scummos_arrival_hexagon, nicolae_ashenzari_panopticon
D:2:      serial_glass, glass_columns_b, glass_columns_c
D:3:      old_standard_altar, grunt_temple_overflow_diamond, uniq_robin,
          uniq_ijyb, uniq_sigmund

Skill      XL: |  1  2  3  4 |
---------------+-------------+-----
Bows           | 5 6 |  6.4
Fighting       | 3 |  3.4
Armour         | 1 |  1.3
Short Blades   | |  0.3
Maces & Flails | |  0.5
Dodging        | |  2.3
Stealth        | |  0.7

Action                   |  1- 3 |  4- 6 || total
-------------------------+-------+-------++-------
Melee: Short sword       |    12 |       ||    12
       Headbutt          |     1 |     6 ||     7
       Whip              |     4 |    26 ||    30
 Fire: Shortbow          |    74 |    61 ||   135
  Eat: Chunk             |       |     2 ||     2
Armor: Leather armour    |    10 |     7 ||    17
Dodge: Dodged            |    27 |    41 ||    68

Table legend:
 A = Spawn XP
 B = Non-spawn XP
 C = Spawn XP percentage of total XP
 D = Spawn monster count
 E = Non-spawn monster count
 F = Spawn count percentage of total count
 G = Total turns spent on level
                    A         B        C        D         E        F      G
               +---------+---------+-------+---------+---------+-------+---------
         Total |       0 |     235 |   0.0 |       0 |      68 |   0.0 |  1704
               +---------+---------+-------+---------+---------+-------+---------
           D:1 |       0 |      23 |   0.0 |       0 |      12 |   0.0 |   780
           D:2 |       0 |     126 |   0.0 |       0 |      28 |   0.0 |   704
           D:3 |       0 |      86 |   0.0 |       0 |      28 |   0.0 |   220
               +---------+---------+-------+---------+---------+-------+---------
